 Dungeon Crawl Stone Soup version 0.29-a0-393-g47a863cc1b (webtiles) character file.

Game seed: 18430170096254381000

46 HendSelp the Slasher (level 3, -1/21 HPs)
             Began as a Tengu Gladiator on May 10, 2022.
             Slain by Terence
             ... wielding a +0 flail
              (11 damage)
             ... on level 3 of the Dungeon.
             The game lasted 00:02:06 (1628 turns).

HendSelp the Slasher (Tengu Gladiator)              Turns: 1628, Time: 00:02:07

Health: -1/21      AC:  3    Str: 14    XL:     3   Next: 66%
Magic:  4/4        EV: 13    Int:  8    God:
Gold:   180        SH:  0    Dex: 17    Spells: 2/2 levels left

rFire   . . .      SeeInvis .   a - +1 long sword (flame)
rCold   . . .      Faith    .   (no shield)
rNeg    . . .      Spirit   .   b - +0 leather armour
rPois   .          Reflect  .   c - +0 hat
rElec   .          Harm     .   (no cloak)
rCorr   .          Rampage  .   (no gloves)
Will    .....                   (boots unavailable)
Stlth   +.........              (no amulet)
HPRegen 0.07/turn               (no ring)
MPRegen 0.09/turn               (no ring)

@: no status effects
A: beak, talons 3
a: no special abilities


You were on level 3 of the Dungeon.
You visited 1 branch of the dungeon, and saw 3 of its levels.

You collected 180 gold pieces.

Inventory:

Hand Weapons
 a - a +1 long sword of flaming (weapon)
Missiles
 d - a throwing net (quivered)
 e - a javelin
Armour
 b - a +0 leather armour (worn)
 c - a +0 hat (worn)
Scrolls
 g - a scroll of teleportation
 l - 2 scrolls of enchant weapon
Potions
 f - a potion of ambrosia
 h - a potion of haste {unknown}
 i - a potion of lignification
 j - 2 potions of heal wounds {unknown}
 k - 2 potions of curing {unknown}


   Skills:
 + Level 2.3 Fighting
 + Level 4.2 Long Blades
 - Level 2.0 Throwing
 + Level 4.0 Dodging


You had 2 spell levels left.
You didn't know any spells.
Your spell library contained the following spells:

 Spells                   Type           Power      Damage    Failure   Level
 Gell's Gravitas          Tloc           0%         N/A       86%         3
 Lesser Beckoning         Tloc           0%         N/A       86%         3
 Teleport Other           Tloc           0%         N/A       86%         3


Dungeon Overview and Level Annotations

Branches:
Dungeon (3/15)

Altars:

Annotations:
D:3 Terence


Innate Abilities, Weirdness & Mutations

You have a beak for a mouth.
You have claws for feet.


Message History

Your surroundings suddenly seem different.
You start waiting.
Your ball python dissolves into shadows!
Your worm dissolves into shadows!
You feel your willpower return.
(D) Dungeon
Where to? (Enter - D:2, ? - help)
You swap places.
Your rat dissolves into shadows!
Your goblin dissolves into shadows!
There is a stone staircase leading down here.
You climb downwards.
The hobgoblin shouts!
Terence shouts!
There is a stone staircase leading up here.
There are monsters nearby!
Unknown command.
There are monsters nearby!
You hit Terence but do no damage. Your kick misses Terence.
Terence hits you with a +0 flail!
There are monsters nearby!
You hit Terence. You burn Terence. You claw Terence, but do no damage.
Your peck misses Terence.
Terence is heavily wounded.
Terence misses you.
There are monsters nearby!
You barely miss Terence. You claw Terence, but do no damage.
Terence is heavily wounded.
Terence hits you with a +0 flail.
There are monsters nearby!
You are too injured to fight recklessly!
You are too injured to fight recklessly!
You are too injured to fight recklessly!
Throw: 2 throwing nets
Press: ? - help, Q - select action, (/) - cycle Shift-Dir - straight line, f - Terence
Aim: Terence, wielding a +0 flail and wearing a +1 chain mail of cold resistance (heavily wounded, 69% to hit)
You throw a throwing net. The throwing net barely misses Terence.
The throwing net barely misses the hobgoblin.
Terence hits you with a +0 flail!
Ouch! That really hurt!
You die...

# ^#
###.
#g.
#@#
#@#
#.#
#.#
#..
###


You could see Terence and a hobgoblin.

Vanquished Creatures
  An adder (D:2)
  A dart slug (D:2)
  3 ball pythons
  4 endoplasms (D:2)
  A giant cockroach (D:2)
  4 goblins
  3 hobgoblins
  3 jackals
  2 kobolds
  5 bats
  3 frilled lizards
  2 rats (D:1)
32 creatures vanquished.

Notes
Turn   | Place    | Note
-------+----------+-------------------------------------------
     0 | D:1      | HendSelp the Tengu Gladiator began the quest for the Orb.
     0 | D:1      | Reached XP level 1. HP: 12/12 MP: 2/2
   175 | D:1      | Reached XP level 2. HP: 11/17 MP: 3/3
   733 | D:1      | Reached XP level 3. HP: 19/21 MP: 4/4
  1624 | D:3      | Noticed Terence
  1628 | D:3      | Slain by Terence

Illustrated notes

Levels and vault maps discovered:
D:1:      amcnicky_arrival_choice, layout_basic
D:2:      layout_rooms
D:3:      layout_loops_cross, uniq_sigmund, uniq_terence, uniq_ijyb

Skill      XL: |  1  2  3 |
---------------+----------+-----
Long Blades    | 4 |  4.2
Dodging        | 4 |  4.0
Fighting       | |  2.3
Throwing       | |  2.0

Action                   || total
-------------------------++-------
Melee: Long sword        ||    64
       Kick              ||    12
       Peck              ||     6
       Punch             ||     1
Throw: Throwing net      ||     2
  Use: Scroll            ||     7
       Potion            ||     1
Armor: Leather armour    ||    22
Dodge: Dodged            ||    60

Table legend: (Time is in decaauts)
 A = Elapsed time spent in this place.
 B = Non-inter-level travel time spent in this place.
 C = Inter-level travel time spent in this place.
 D = Time resting spent in this place.
 E = Time spent auto-exploring this place.
 F = Levels seen in this place.
 G = Mean time per level.
                   A        B        C        D        E       F      G
               +--------+--------+--------+--------+--------+-----+--------+
         Total |   1642 |   1609 |     33 |    219 |   1176 |   3 |  547.3 |
       Dungeon |   1642 |   1609 |     33 |    219 |   1176 |   3 |  547.3 |
               +--------+--------+--------+--------+--------+-----+--------+

Top non-repeatable levels by time:
     D:1: 917 daAuts
     D:2: 720 daAuts
     D:3: 4 daAuts
